AoeStats
← brunoborbs

Nomad

506432662Analyzed
3v3 RM · 19d ago on Sep 13, 2026· 34m 8s· 6 players
Game mode
Random Map
Map size
210×210
Population
200
Speed
Normal
Resources
Standard
Victory
Conquest
Starting age
Dark Age
Ending age
Imperial Age
RankedLock teamsTeams togetherTeam positionsShared explorationLock speedFull tech treeHidden civsTurbo modeCheats
Victory
Defeat
🇦🇷 Franks · Argentina
989
+13
🇵🇪 Huns · Peru
911
+16
🇦🇷 Muisca · Argentina
832
+21
🇹🇷 Goths · Türkiye
947
-18
🇨🇳 Teutons · China
907
-16
🇬🇧 Magyars · United Kingdom
901
-16
[Vsh]-WinZerdo
7:27 Loom
16:24 Feudal Age
22:58 Castle Age
22:12 Double-Bit Axe
22:13 Fishing Lines
25:02 Wheelbarrow
24:43 Bow Saw
27:37 Scale Barding Armor
27:52 Hand Cart
28:15 Husbandry
30:37 Forging
[Vishero]-R1char
6:47 Loom
16:14 Feudal Age
17:21 Double-Bit Axe
17:17 Horse Collar
21:09 Gold Mining
23:06 Wheelbarrow
22:41 Town Watch
23:26 Champi Runner
27:02 Fletching
27:12 Padded Archer Armor
28:29 Scale Mail Armor
29:53 Forging
33:02 Castle Age
31:57 Stone Mining
33:59 Bow Saw
33:50 Heavy Plow
34:26 Gold Shaft Mining
34:27 Stone Shaft Mining
34:31 Bodkin Arrow
34:51 Leather Archer Armor
edu_16av
3:47 Loom
13:14 Feudal Age
14:53 Town Watch
15:23 Double-Bit Axe
19:13 Stone Mining
23:01 Castle Age
21:14 Gold Mining
21:28 Padded Archer Armor
21:22 Fishing Lines
23:20 Pikeman
24:00 Squires
24:35 Leather Archer Armor
28:12 Scale Barding Armor
28:18 Forging
32:50 Town Patrol
33:13 Gillnets
34:34 Chain Barding Armor
34:51 Iron Casting
34:07 Horse Collar
34:40 Bow Saw
brunoborbs
5:43 Loom
19:11 Feudal Age
19:58 Horse Collar
20:19 Double-Bit Axe
21:28 Fishing Lines
21:45 Town Watch
25:35 Castle Age
24:14 Wheelbarrow
26:21 Padded Archer Armor
27:52 Leather Archer Armor
27:43 Scale Barding Armor
27:34 Fletching
27:52 Scale Barding Armor
28:15 Hand Cart
28:16 Bow Saw
dkokden
4:42 Loom
21:41 Feudal Age
399248324
18:04 Feudal Age
19:49 Fishing Lines
23:41 Castle Age
22:04 Double-Bit Axe
22:05 Horse Collar
23:53 Wheelbarrow
23:22 Gold Mining
23:40 Stone Mining
25:19 Bow Saw
25:56 Bloodlines
25:50 Heavy Plow
32:14 Gillnets
Connection lost

Rejoining the realm…

Still unreachable

The connection could not be restored.

Session expired

The server has moved on; the page needs a fresh start.